 Dungeon Crawl Stone Soup version 0.31-a0-1576-ga3383bade6 (webtiles) character file.

Game seed: 1998479563010808959

9699 Dordric the Brawler (level 11, -1/163 HPs)
             Began as a Troll Berserker on Jan 4, 2024.
             Was an Elder of Trog.
             Killed from afar by an electric eel (8 damage)
             ... with a bolt of electricity
             ... on level 11 of the Dungeon.
             The game lasted 00:12:56 (9001 turns).

Dordric the Brawler (Troll Berserker)               Turns: 9001, Time: 00:12:56

Health: -1/163     AC: 14    Str: 43    XL:     11   Next: 26%
Magic:  10/10      EV:  9    Int:  3    God:    Trog [****..]
Gold:   1068       SH:  0    Dex:  9    Spells: 10/10 levels left

rFire   . .          .
                       - Unarmed
rCold   . . .        h - orb {light}
rNeg    . . .        E - +0 swamp dragon scales
rPois   +            (helmet restricted)
rElec   .            u - +2 cloak
rCorr   .            (gloves unavailable)
SInv    .            (boots unavailable)
Will    .....        (no amulet) Stlth
                     K - +6 ring of strength
HPRegen 1.27/turn    y - +6 ring of strength
MPRegen 0.12/turn

%: no passive effects
@: berserking, glowing, very quick
A: large, unfitting armour, claws 3, regeneration 1, shaggy fur 1, tough skin 1,
iridescent scales 1, camouflage 1, sense surroundings 1
a: Renounce Religion, Berserk, Trog's Hand, Brothers in Arms


You were on level 11 of the Dungeon.
You worshipped Trog.
Trog was greatly pleased with you.
You visited 1 branch of the dungeon, and saw 11 of its levels.

You collected 1159 gold pieces.
You spent 91 gold pieces at shops.

Inventory:

Missiles
 D - 2 throwing nets
Armour
 a - a +0 animal skin
 h - an orb of light (worn)
 t - a +2 robe of positive energy
 u - a +2 cloak (worn)
 C - +0 steam dragon scales
 E - +0 swamp dragon scales (worn)
Jewellery
 e - a ring of protection from cold
 i - a ring of protection from cold
 y - a +6 ring of strength (right claw)
 K - a +6 ring of strength (left claw)
Wands
 w - a wand of flame (18)
 B - a wand of mindburst (25)
 H - a wand of light (7)
 J - a wand of iceblast (9)
 L - a wand of digging (3)
Scrolls
 d - a scroll of fog
 f - a scroll of silence
 g - 2 scrolls of immolation
 j - 2 scrolls of enchant armour
 k - 3 scrolls of teleportation
 m - 3 scrolls of vulnerability
 n - 2 scrolls of butterflies
 p - a scroll of noise
 q - 2 scrolls of poison
 r - a scroll of brand weapon
 s - 2 scrolls of torment
 A - 2 scrolls of identify
Potions
 b - a potion of magic
 c - a potion of attraction
 l - a potion of ambrosia
 o - a potion of brilliance
 v - a potion of mutation
 x - a potion of heal wounds
 z - a potion of might
 F - a potion of haste
 G - a potion of curing
 I - a potion of lignification


   Skills:
 + Level 7.5 Fighting
 - Level 2.4 Dodging
 + Level 15.6 Unarmed Combat


You had 10 spell levels left.
You didn't know any spells.
Your spell library was empty.

Dungeon Overview and Level Annotations

Branches:
Dungeon (11/15)            Temple (0/1) D:6
   Lair: D:8-11         Orc: D:9-12

Altars:
Dithmenos
Makhleb
Qazlal
Uskayaw
Yredelemnul
Zin

Shops:
D:4 ?(*:


Innate Abilities, Weirdness & Mutations

You are too large for most types of armour.
You have claws for hands.
Your natural rate of healing is unusually fast.
You are covered in fur. (AC +1)
You have tough skin. (AC +1)
You are partially covered in iridescent scales. (AC +2)
Your skin changes colour to match your surroundings (Stealth+).
You passively map a small area around you.


Message History

The bolt of electricity hits you!
You enter the shallow water.
The electric eel shoots out a bolt of lightning at you!
The bolt of electricity hits the electric eel.
The electric eel completely resists.
The bolt of electricity hits you!
You scratch the electric eel.
The electric eel is moderately wounded.
The electric eel shoots out a bolt of lightning at you!
The bolt of electricity hits you!
You barely miss the electric eel.
The electric eel is moderately wounded.
You closely miss the electric eel.
The electric eel is moderately wounded.
The electric eel shoots out a bolt of lightning at you!
The bolt of electricity hits you!
* * * LOW HITPOINT WARNING * * *
You claw the electric eel!
The electric eel is almost dead.
The electric eel shoots out a bolt of lightning at you!
The bolt of electricity hits you!
* * * LOW HITPOINT WARNING * * *
The electric eel shoots out a bolt of lightning at you!
The bolt of electricity hits you!
* * * LOW HITPOINT WARNING * * *
A red film seems to cover your vision as you go berserk!
You feel yourself moving faster!
You feel mighty!
The electric eel shoots out a bolt of lightning at you!
The bolt of electricity hits you!
* * * LOW HITPOINT WARNING * * *
The electric eel shoots out a bolt of lightning at you!
The bolt of electricity hits you.
* * * LOW HITPOINT WARNING * * *
You claw the electric eel!
You kill the electric eel!
Trog accepts your kill.
You hear a splash.
You barely miss the electric eel.
The electric eel shoots out a bolt of lightning at you!
The bolt of electricity hits you!
You die...

, ........#......
................###.....
, .......~.......#
##.... *
......~~~....... .....
.....~~≈~≈......, ......
#...~~≈≈≈~~...... ...#
#...≈≈≈≈~........,, ...
#...S†~......[...
#...@...............
##...................
##............).....
##.................
##...........~....
##.........~~~...
##.(.....≈~≈~~..
##.....≈≈≈≈≈~~.
##.....~~≈≈≈..


You could see an electric eel.

Vanquished Creatures
  A two-headed ogre (D:8)
  2 centaur warriors (D:9)
  Pikel (D:5)
  A cyclops (D:9)
  A gargoyle (D:9)
  Maggie (D:10)
  A freezing wraith (D:9)
  A troll (D:11)
  Grinder (D:5)
  Sigmund (D:5)
  A shadow (D:10)
  4 wyverns
  A yak (D:9)
  A wraith (D:10)
  2 steam dragons
  5 orc warriors
  An ice beast (D:6)
  A sky beast (D:8)
  An ogre (D:5)
  4 centaurs
  4 phantoms
  A lemure (D:5)
  A kobold brigand (D:10)
  2 bullfrogs
  Blork the orc (D:6)
  4 scorpions
  2 gnoll sergeants
  4 wights (D:9)
  20 killer bees
  5 howler monkeys
  3 electric eels (D:11)
  5 hounds
  A jelly (D:7)
  A bombardier beetle (D:3)
  A gnoll bouda (D:8)
  8 orc priests
  Crazy Yiuf (D:6)
  3 iguanas
  6 orc wizards
  Robin (D:2)
  8 adders
  19 gnolls
  3 shadow imps
  2 white imps (D:6)
  2 ufetubi (D:6)
  2 dart slugs
  4 ribbon worms
  30 orcs
  5 ball pythons
  14 endoplasms
  3 giant cockroaches
  13 goblins
  9 hobgoblins
  3 jackals (D:1)
  2 quokkas
  3 bats
  2 frilled lizards
  9 kobolds
  6 rats
245 creatures vanquished.

Notes
Turn   | Place    | Note
-------+----------+-------------------------------------------
     0 | D:1      | Dordric the Troll Berserker began the quest for the Orb.
     0 | D:1      | Reached XP level 1. HP: 22/22 MP: 0/0
   143 | D:1      | Reached XP level 2. HP: 26/29 MP: 1/1
   181 | D:1      | Reached skill level 4 in Unarmed Combat
   490 | D:2      | Reached XP level 3. HP: 32/36 MP: 2/2
   645 | D:2      | Reached ** piety under Trog
   646 | D:2      | Noticed Robin
   657 | D:2      | Killed Robin
   666 | D:2      | Reached XP level 4. HP: 44/44 MP: 3/3
   677 | D:2      | Reached skill level 5 in Unarmed Combat
  1051 | D:2      | Found a faded altar of an unknown god.
  1394 | D:3      | Reached XP level 5. HP: 27/50 MP: 4/4
  1398 | D:3      | Reached skill level 6 in Unarmed Combat
  1591 | D:3      | Found a stormy altar of Qazlal.
  2214 | D:4      | Found Tuetis's Book Boutique.
  2228 | D:4      | Reached *** piety under Trog
  2252 | D:4      | Noticed a phantom
  2259 | D:4      | Killed a phantom
  2260 | D:4      | Reached skill level 7 in Unarmed Combat
  2260 | D:4      | Reached XP level 6. HP: 59/59 MP: 5/5
  2307 | D:4      | Found Cuqunnil's Assorted Antiques.
  2316 | D:4      | Found Ysselagi's Weapon Shop.
  2681 | D:4      | Found Mamail's Magic Scroll Emporium.
  3048 | D:4      | Bought a scroll of identify for 26 gold pieces
  3048 | D:4      | Bought a scroll of identify for 26 gold pieces
  3048 | D:4      | Bought a scroll of teleportation for 39 gold pieces
  3282 | D:5      | Entered Level 5 of the Dungeon
  3283 | D:5      | Found a shadowy altar of Dithmenos.
  3311 | D:5      | Noticed Pikel
  3324 | D:5      | Killed Pikel
  3325 | D:5      | Reached skill level 9 in Unarmed Combat
  3325 | D:5      | Reached XP level 7. HP: 59/66 MP: 6/6
  3472 | D:5      | Noticed Sigmund
  3488 | D:5      | Killed Sigmund
  3489 | D:5      | Reached skill level 10 in Unarmed Combat
  3489 | D:5      | Reached XP level 8. HP: 74/74 MP: 7/7
  3725 | D:5      | Found a burning altar of Makhleb.
  3725 | D:5      | Noticed a blizzard demon
  3847 | D:5      | Noticed Grinder
  3853 | D:5      | Reached skill level 11 in Unarmed Combat
  3860 | D:5      | Killed Grinder
  4430 | D:6      | Identified the +0 helmet "Omumyh" {rF+}
  4454 | D:6      | Noticed Blork the orc
  4460 | D:6      | Reached skill level 12 in Unarmed Combat
  4462 | D:6      | Killed Blork the orc
  4463 | D:6      | Reached XP level 9. HP: 80/80 MP: 8/8
  4524 | D:6      | Found a glowing silver altar of Zin.
  4587 | D:6      | Found a staircase to the Ecumenical Temple.
  4657 | D:6      | Found a runed translucent door.
  4658 | D:6      | Noticed Crazy Yiuf
  4854 | D:6      | Reached **** piety under Trog
  5034 | D:6      | Killed Crazy Yiuf
  5129 | D:7      | Found a hide-covered altar of Uskayaw.
  5129 | D:7      | Noticed a +0 dagger
  5130 | D:7      | Noticed a +0 dagger
  5136 | D:7      | Reached skill level 13 in Unarmed Combat
  6343 | D:8      | Reached skill level 14 in Unarmed Combat
  6421 | D:8      | Reached XP level 10. HP: 86/92 MP: 9/9
  6623 | D:8      | Noticed a two-headed ogre
  6640 | D:8      | Killed a two-headed ogre
  7045 | D:9      | Found a basalt altar of Yredelemnul.
  7111 | D:9      | Reached skill level 5 in Fighting
  7324 | D:9      | Gained mutation: You are partially covered in iridescent
                  | scales. (AC +2) [potion of mutation]
  7324 | D:9      | Gained mutation: You passively map a small area around you.
                  | [potion of mutation]
  7324 | D:9      | Gained mutation: Your skin changes colour to match your
                  | surroundings (Stealth+). [potion of mutation]
  7558 | D:10     | Entered Level 10 of the Dungeon
  7977 | D:10     | Noticed Maggie
  7982 | D:10     | Reached ***** piety under Trog
  7988 | D:10     | Killed Maggie
  8466 | D:9      | Noticed a gargoyle
  8483 | D:9      | Killed a gargoyle
  8488 | D:9      | Reached skill level 15 in Unarmed Combat
  8537 | D:9      | Noticed a centaur warrior
  8538 | D:9      | Noticed a cyclops
  8539 | D:9      | Noticed a centaur warrior
  8553 | D:9      | Killed a centaur warrior
  8558 | D:9      | Killed a cyclops
  8559 | D:9      | Reached XP level 11. HP: 103/107 MP: 10/10
  8559 | D:9      | Killed a centaur warrior
  8889 | D:11     | Noticed a two-headed ogre
  8999 | D:11     | HP: 8/163 [electric eel/bolt of electricity (9)]
  9001 | D:11     | Killed from afar by an electric eel

Illustrated notes

Levels and vault maps discovered:
D:1:      lightli_arrival_chessboard, layout_basic
D:2:      layout_rooms, shapermc_ecumenical_altar_hornbeckon, uniq_robin
D:3:      minmay_evil_eye, layout_basic, mainiacjoe_overflow_small_starburst
D:4:      layout_basic, serial_bayou, serial_bayou_pond_e,
          serial_bayou_lagoon_a, serial_bayou_crossing, serial_bayou_lagoon_b,
          serial_shops, shop, nicolae_shop_peninsula, nicolae_shop_dealshenge,
          nicolae_shop_getting_attention
D:5:      layout_basic, lemuel_crystal_altar, makhleb_altar_promises_db,
          nicolae_grassy_gnolls, uniq_sigmund, uniq_grinder, uniq_pikel
D:6:      layout_rooms, old_standard_altar, minmay_temple_entry_offerings,
          grunt_ministairs_15, uniq_crazy_yiuf_cottage, uniq_blork_the_orc
D:7:      layout_gridville, dancing_weapons_uskayaw
D:8:      layout_cave_pods, hangedman_abyss_or_decor_stagger, chequers_arboretum
D:9:      minmay_klotski, layout_basic, mainiacjoe_overflow_brackets,
          palyth_stone_intersect
D:10:     layout_basic, uniq_maggie
D:11:     layout_big_octagon, orc_0_dummy, serial_shops, nicolae_diamond_shop,
          tgw_trog

Skill      XL: |  1  2  3  4  5  6  7  8  9 10 11 |
---------------+----------------------------------+-----
Unarmed Combat | 4 5 7 9 10 12 14 15 | 15.6
Fighting       | 4 6 7 |  7.5
Dodging        | |  2.4

Action                     |  1- 3 |  4- 6 |  7- 9 | 10-12 || total
---------------------------+-------+-------+-------+-------++-------
  Melee: Unarmed           |    83 |   108 |   167 |   142 ||   500
 Invoke: Berserk           |       |     3 |     1 |     5 ||     9
         Trog's Hand       |       |     1 |     1 |     4 ||     6
    Use: Scroll            |       |     6 |     2 |     8 ||    16
         Potion            |       |       |       |     6 ||     6
 Armour: Animal skin       |    61 |    45 |       |       ||   106
         Robe              |       |       |    42 |       ||    42
         Steam dragon scal |       |       |    77 |   123 ||   200
         Swamp dragon scal |       |       |       |    19 ||    19
  Dodge: Dodged            |    35 |    39 |    69 |    72 ||   215

Table legend: (Time is in decaauts)
 A = Elapsed time spent in this place.
 B = Non-inter-level travel time spent in this place.
 C = Inter-level travel time spent in this place.
 D = Time resting spent in this place.
 E = Time spent auto-exploring this place.
 F = Levels seen in this place.
 G = Mean time per level.
                   A        B        C        D        E       F      G
               +--------+--------+--------+--------+--------+-----+--------+
         Total |   8981 |   8433 |    548 |   1292 |   5799 |  11 |  816.5 |
       Dungeon |   8981 |   8433 |    548 |   1292 |   5799 |  11 |  816.5 |
               +--------+--------+--------+--------+--------+-----+--------+

Top non-repeatable levels by time:
     D:8: 1240 daAuts
     D:4: 1150 daAuts
     D:3: 1132 daAuts
     D:9: 1115 daAuts
     D:5: 1059 daAuts
    D:10: 928 daAuts
     D:6: 657 daAuts
     D:2: 616 daAuts
     D:7: 533 daAuts
     D:1: 468 daAuts
    D:11: 79 daAuts
